 Dungeon Crawl Stone Soup version 0.27.1-3-gb3d3a73c9e (webtiles) character file.

Game seed: 11888486690970416614

1119 Urokeeper the Skirmisher (level 8, -3/62 HPs)
             Began as a Demonspawn Gladiator on Oct 19, 2021.
             Was a Follower of Uskayaw.
             Succumbed to Edmund's poison
             ... on level 5 of the Dungeon.
             The game lasted 00:16:52 (7615 turns).

Urokeeper the Skirmisher (Demonspawn Gladiator)     Turns: 7615, Time: 00:16:53

Health: -3/62      AC:  9    Str: 16    XL:     8   Next: 12%
Magic:  8/8        EV:  9    Int: 12    God:    Uskayaw [*.....]
Gold:   143        SH: 13    Dex: 15    Spells: 7/7 levels left

rFire    . . .     SeeInvis .   C - +0 war axe (vorpal)
rCold    . . .     Faith    .   l - +0 kite shield
rNeg     . . .     Spirit   .   g - +0 ring mail
rPois    .         Reflect  +   c - +0 helmet
rElec    .         Harm     .   (no cloak)
rCorr    .         Rampage  .   w - +2 pair of gloves
Will     .....                  (no boots)
Stlth    ++........             t - amulet of reflection
HPRegen  0.20/turn              (no ring)
MPRegen  0.11/turn              (no ring)

@: lethally poisoned (-3 -> -27), studying Crossbows
A: claws 1, big brain 1, demonic magic 1
a: Renounce Religion, Stomp


You were on level 5 of the Dungeon.
You worshipped Uskayaw.
Uskayaw was noncommittal.
You visited 2 branches of the dungeon, and saw 6 of its levels.

You collected 143 gold pieces.

Inventory:

Hand Weapons
 a - a +0 long sword
 j - a +0 dagger
 C - a +0 vorpal war axe (weapon)
Missiles
 d - 3 throwing nets
 p - 16 poisoned darts (quivered)
Armour
 b - a +0 leather armour
 c - a +0 helmet (worn)
 f - a +0 scale mail
 g - a +0 ring mail (worn)
 l - a +0 kite shield (worn)
 n - a +2 robe of positive energy
 v - a +0 robe of willpower
 w - a +2 pair of gloves (worn)
Jewellery
 k - an amulet of faith
 m - an amulet of guardian spirit
 t - an amulet of reflection (around neck)
Wands
 u - a wand of polymorph (8)
Scrolls
 q - a scroll of magic mapping
 r - a scroll of fog {unknown}
 s - a scroll of amnesia {unknown}
 y - a scroll of teleportation {unknown}
 A - 4 scrolls of identify
Potions
 e - 4 potions of curing
 h - a potion of heal wounds {unknown}
 i - a potion of attraction {unknown}
 o - a potion of invisibility {unknown}
 x - a potion of lignification {unknown}
 z - a potion of haste {unknown}
 B - a potion of ambrosia {unknown}


   Skills:
 * Level 5.3 Fighting
 - Level 5.3 Long Blades
 * Level 0.0 Axes
 - Level 1.7 Throwing
 + Level 2.4 Armour
 - Level 3.5 Dodging
 - Level 3.6 Stealth
 + Level 2.5 Shields


You had 7 spell levels left.
You didn't know any spells.
Your spell library contained the following spells:

 Spells                   Type           Power      Damage    Failure   Level
 Animate Skeleton         Necr           0%         N/A       97%         1
 Apportation              Tloc           0%         N/A       97%         1
 Corona                   Hex            0%         N/A       97%         1
 Shock                    Conj/Air       0%         1d3       97%         1
 Summon Small Mammal      Summ           0%         N/A       97%         1
 Blink                    Tloc           N/A        N/A       99%         2
 Lesser Beckoning         Tloc           0%         N/A       100%        3
 Swiftness                Air            0%         N/A       100%        3
 Airstrike                Air            0%         N/A       100%        4
 Manifold Assault         Tloc           0%         N/A       100%        5


Dungeon Overview and Level Annotations

Branches:
Dungeon (5/15)             Temple (1/1) D:5

Altars:
Hepliaklqana
Uskayaw

Annotations:
D:5 Edmund


Innate Abilities, Weirdness & Mutations

You have sharp fingernails.
You have an unusually large brain. (Int +2)
Spells you cast may paralyse adjacent enemies.


Message History

You kill the ufetubus!
You see here a +0 vorpal war axe.
C - a +0 vorpal war axe
C - a +0 vorpal war axe (weapon)
Found 2 scrolls of identify.
A - 4 scrolls of identify (gained 2)
You open the door.
There is an open door here.
Edmund the Younger comes into view.
He is wielding a +6 flail of venom.
Edmund is nearby!
Edmund is nearby!
Edmund is nearby!
Edmund is nearby!
Edmund shouts!
You hit Edmund.
Edmund is lightly wounded.
You block Edmund's attack. x2
You hit Edmund.
Edmund is lightly wounded.
Edmund barely misses you. You block Edmund's attack.
You closely miss Edmund.
Edmund is lightly wounded.
Edmund hits you with a +6 flail of venom!
You are poisoned.
You closely miss Edmund.
Edmund is lightly wounded.
You feel extremely sick.
Edmund hits you with a +6 flail of venom!
You are more poisoned.
Edmund hits you with a +6 flail of venom.
You barely miss Edmund.
Edmund is lightly wounded.
You feel extremely sick.
Edmund hits you with a +6 flail of venom!
* * * LOW HITPOINT WARNING * * *
You are more poisoned.
You block Edmund's attack.
* * * LOW HITPOINT WARNING * * *
You feel extremely sick.
You die...

###
#.#####################.
#.............@.@.......
#.#####################.
#.# #.# #.# #.# #.#
#######.# #.# #....##.#
# #.# #.##.##.# # #.#
#.##.##.# # ###.#######
#.##.##.# #


You could see Edmund.

Vanquished Creatures
  Sigmund (D:3)
  2 ogres (D:5)
  A centaur (D:5)
  2 scorpions
  A water moccasin skeleton (D:4)
  A bullfrog zombie (D:5)
  3 orc priests
  3 hounds
  Jessica (D:3)
  2 iguanas
  3 orc wizards
  2 hound skeletons (D:4)
  3 gnolls (D:2)
  5 adders
  A howler monkey skeleton (D:4)
  An ufetubus (D:5)
  2 adder skeletons (D:4)
  A worm (D:3)
  3 dart slugs
  10 orcs
  10 ball pythons
  5 bats
  6 endoplasms
  4 giant cockroaches
  7 goblins
  5 hobgoblins
  3 jackals (D:1)
  2 quokkas
  2 frilled lizards
  4 kobolds
  6 rats
102 creatures vanquished.

Notes
Turn   | Place    | Note
-------+----------+-------------------------------------------
     0 | D:1      | Urokeeper the Demonspawn Gladiator began the quest for the
                  | Orb.
     0 | D:1      | Reached XP level 1. HP: 16/16 MP: 1/1
   246 | D:1      | Gained mutation: You have an unusually large brain. (Int
                  | +2) [demonic ancestry]
   246 | D:1      | Reached XP level 2. HP: 20/22 MP: 2/2
   376 | D:1      | Found a faded altar of an unknown god.
   818 | D:1      | Reached skill level 1 in Stealth
  1447 | D:2      | Gained mutation: You have sharp fingernails. [demonic
                  | ancestry]
  1447 | D:2      | Reached XP level 3. HP: 28/28 MP: 3/3
  2087 | D:3      | Noticed Sigmund
  2227 | D:2      | Gained mutation: Spells you cast may paralyse adjacent
                  | enemies. [demonic ancestry]
  2227 | D:2      | Reached XP level 4. HP: 25/34 MP: 2/4
  2738 | D:3      | Noticed Jessica
  2755 | D:3      | Found a hazy altar of Hepliaklqana.
  2758 | D:3      | Found a faded altar of an unknown god.
  2760 | D:3      | Killed Jessica
  2761 | D:3      | Reached XP level 5. HP: 5/41 MP: 1/5
  3876 | D:3      | Reached XP level 6. HP: 25/47 MP: 6/6
  4489 | D:3      | Killed Sigmund
  4490 | D:3      | Reached skill level 1 in Armour
  4490 | D:3      | Reached skill level 1 in Shields
  5287 | D:4      | Reached XP level 7. HP: 39/54 MP: 7/7
  5743 | D:4      | Found a hide-covered altar of Uskayaw.
  5766 | D:4      | Became a worshipper of Uskayaw the Reveller
  5807 | D:4      | Reached * piety under Uskayaw
  6073 | D:4      | Reached ** piety under Uskayaw
  6560 | D:5      | Entered Level 5 of the Dungeon
  6791 | D:5      | Found a staircase to the Ecumenical Temple.
  6833 | D:5      | Reached *** piety under Uskayaw
  6835 | D:5      | Reached **** piety under Uskayaw
  6836 | D:5      | Reached skill level 5 in Fighting
  6836 | D:5      | Reached skill level 5 in Long Blades
  6841 | Temple   | Entered the Ecumenical Temple
  7022 | D:5      | Reached XP level 8. HP: 62/62 MP: 8/8
  7258 | D:5      | Identified the +11 short sword "Poqixubb" {flame, rElec
                  | rPois Will- Int-2}
  7605 | D:5      | Noticed Edmund
  7614 | D:5      | HP: 2/62 [poisoned by Edmund]
  7615 | D:5      | Succumbed to Edmund's poison

Illustrated notes

Levels and vault maps discovered:
D:1:      dpeg_arrival_signposts, layout_loops_ring,
          shapermc_ecumenical_altar_totnotflames, hangedman_glass_teeth,
          serial_bayou_pond_a, chequers_decorated_corner
D:2:      layout_loops_ring, chequers_serial_rivers_large_a
D:3:      layout_loops_corners, beargit_hepliaklqana_dungeon_heroes,
          uniq_sigmund
D:4:      layout_loops_corners, mainiacjoe_overflow_boulevard,
          nrook_loot_triangle, minmay_manual_mullet
D:5:      layout_basic, minmay_temple_entry_arrows, uniq_edmund, uniq_grinder
Temple:   nicolae_temple_elliptical

Skill      XL: |  1  2  3  4  5  6  7 |
---------------+----------------------+-----
Stealth        | 1 2 3 |  3.6
Long Blades    | 3 4 5 |  5.3
Dodging        | 3 |  3.5
Fighting       | 3 4 5 |  5.3
Armour         | 1 2 |  2.4
Shields        | 1 2 |  2.5
Throwing       | |  1.7

Action                   |  1- 3 |  4- 6 |  7- 9 || total
-------------------------+-------+-------+-------++-------
Melee: Long sword        |    83 |   174 |   115 ||   372
       War axe           |       |       |     5 ||     5
Throw: Dart              |       |       |     8 ||     8
Evoke: Wand              |       |       |     2 ||     2
  Use: Scroll            |       |     2 |       ||     2
       Potion            |       |     1 |       ||     1
 Stab: Sleeping          |     1 |     5 |     1 ||     7
       Distracted        |       |     1 |       ||     1
       Paralysed         |       |       |     1 ||     1
Armor: Leather armour    |    31 |    26 |     2 ||    59
       Robe              |     6 |     4 |       ||    10
       Scale mail        |       |    21 |       ||    21
       Ring mail         |       |       |    26 ||    26
Dodge: Dodged            |    81 |    81 |    53 ||   215
Block: Kite shield       |       |    60 |   107 ||   167
       Reflection        |       |     1 |     5 ||     6
       Rpst.: Long sword |    31 |    32 |    17 ||    80
